[ AOE2 MATCH · #482909969 ]
UnrankedWei vs Huns
Player's team · WIN
Rival team · LOSS
[ REPLAY ANALYSIS · EXTRACTED FROM THE RECORDED GAME ]
Feudal
11:40
Castle
18:10
Imperial
—
| APM avg | 23.9 |
| APM peak | 47 |
| eAPM avg | 18.6 |
| Villagers / military | 166 / 4 |
Focus
⚔️ 18.6% · 🌾 81.4%
Unknown (1952) ×31 · Unknown (1944) ×10 · Monk ×3 · Spearman ×1
Feudal
10:28
Castle
22:34
Imperial
—
| APM avg | 12.4 |
| APM peak | 30 |
| eAPM avg | 7.8 |
| Villagers / military | 56 / 27 |
Focus
⚔️ 21.1% · 🌾 78.9%
Scout Cavalry ×24 · Monk ×3
Match map
Initial resources + every placement click. Lines = walls · curves = elevation contours. ◆ gold · ⬟ stone · ● berries · ✦ relic · ◌ wall gap
Your base· ✓ Closed at 18:10 · 0t walls · 3 gate(s)
leacuos97's base· ✓ Closed at 22:34 · 0t walls · 2 gate(s)
Smoothed initial terrain · ◌ = detected wall gap · hover for details
Inputs per minute
— :Këlëën - - leacuos97
Build order — :Këlëën
First 150 of 366 actions detected
| 0:01 | Create | Villager (Male) |
| 0:01 | Create | Villager (Male) |
| 0:01 | Create | Villager (Male) |
| 0:02 | Create | Villager (Male) |
| 0:02 | Create | Villager (Male) |
| 0:02 | Create | Villager (Male) |
| 0:03 | Build | House |
| 0:06 | Build | House |
| 1:30 | Create | Villager (Male) |
| 1:52 | Create | Villager (Male) |
| 2:18 | Create | Villager (Male) |
| 2:41 | Create | Villager (Male) |
| 2:41 | Create | Villager (Male) |
| 2:42 | Create | Villager (Male) |
| 3:03 | Build | House |
| 3:04 | Build | House |
| 3:04 | Build | House |
| 3:40 | Create | Villager (Male) |
| 3:40 | Create | Villager (Male) |
| 3:40 | Create | Villager (Male) |
| 3:40 | Create | Villager (Male) |
| 3:41 | Create | Villager (Male) |
| 4:03 | Create | Villager (Male) |
| 4:04 | Create | Villager (Male) |
| 4:10 | Create | Villager (Male) |
| 4:49 | Create | Villager (Male) |
| 4:49 | Create | Villager (Male) |
| 4:50 | Create | Villager (Male) |
| 5:15 | Create | Villager (Male) |
| 5:15 | Create | Villager (Male) |
| 5:15 | Create | Villager (Male) |
| 5:22 | Build | Lumber Camp |
| 6:18 | Create | Villager (Male) |
| 6:48 | Create | Villager (Male) |
| 7:18 | Create | Villager (Male) |
| 7:18 | Create | Villager (Male) |
| 7:19 | Create | Villager (Male) |
| 7:30 | Create | Villager (Male) |
| 7:30 | Create | Villager (Male) |
| 7:30 | Create | Villager (Male) |
| 7:30 | Create | Villager (Male) |
| 7:30 | Create | Villager (Male) |
| 7:31 | Create | Villager (Male) |
| 8:33 | Build | Mill |
| 8:35 | Create | Villager (Male) |
| 8:57 | Create | Villager (Male) |
| 8:57 | Create | Villager (Male) |
| 8:58 | Create | Villager (Male) |
| 8:58 | Create | Villager (Male) |
| 8:58 | Create | Villager (Male) |
| 8:58 | Create | Villager (Male) |
| 8:59 | Create | Villager (Male) |
| 8:59 | Create | Villager (Male) |
| 9:29 | Research | Feudal Age |
| 9:34 | Create | Villager (Male) |
| 9:34 | Create | Villager (Male) |
| 9:34 | Create | Villager (Male) |
| 9:35 | Create | Villager (Male) |
| 10:13 | Build | Mining Camp |
| 11:20 | Build | Barracks |
| 11:40 | Age | Feudal Age |
| 11:42 | Research | Double-Bit Axe |
| 11:44 | Research | Horse Collar |
| 11:50 | Build | Farm |
| 11:51 | Build | Farm |
| 11:53 | Build | Farm |
| 11:54 | Build | Farm |
| 12:10 | Build | Farm |
| 12:20 | Build | House |
| 12:32 | Research | Wheelbarrow |
| 12:50 | Build | Farm |
| 13:30 | Build | House |
| 13:34 | Create | Villager (Male) |
| 13:47 | Build | Blacksmith |
| 14:09 | Create | Villager (Male) |
| 14:37 | Create | Villager (Male) |
| 14:46 | Build | Market |
| 14:55 | Create | Villager (Male) |
| 15:30 | Research | Castle Age |
| 15:35 | Build | Farm |
| 15:37 | Build | Farm |
| 15:38 | Build | Farm |
| 15:39 | Build | Farm |
| 15:45 | Build | House |
| 16:10 | Research | Gold Mining |
| 16:42 | Build | Stable |
| 16:49 | Create | Spearman |
| 17:06 | Build | Archery Range |
| 17:13 | Build | House |
| 17:13 | Build | House |
| 17:17 | Build | House |
| 17:47 | Create | Villager (Male) |
| 17:47 | Create | Villager (Male) |
| 18:04 | Create | Villager (Male) |
| 18:08 | Create | Villager (Male) |
| 18:10 | Age | Castle Age |
| 18:17 | Build | Town Center |
| 18:20 | Research | Bow Saw |
| 18:20 | Research | Heavy Plow |
| 18:38 | Create | Villager (Male) |
| 18:46 | Create | Villager (Male) |
| 18:53 | Build | House |
| 18:53 | Build | House |
| 18:58 | Build | Farm |
| 19:02 | Create | Villager (Male) |
| 19:09 | Create | Villager (Male) |
| 19:15 | Build | Farm |
| 19:17 | Build | Farm |
| 19:18 | Build | Farm |
| 19:19 | Create | Villager (Male) |
| 19:19 | Create | Villager (Male) |
| 19:19 | Create | Villager (Male) |
| 19:27 | Build | Farm |
| 19:34 | Create | Villager (Male) |
| 19:34 | Create | Villager (Male) |
| 19:52 | Create | Villager (Male) |
| 19:59 | Build | Farm |
| 20:07 | Create | Villager (Male) |
| 20:16 | Build | Town Center |
| 20:19 | Create | Villager (Male) |
| 20:26 | Create | Unit 1952 |
| 20:27 | Create | Unit 1952 |
| 20:27 | Create | Unit 1952 |
| 20:34 | Create | Villager (Male) |
| 20:39 | Create | Villager (Male) |
| 20:42 | Build | Farm |
| 20:43 | Build | Farm |
| 20:48 | Build | House |
| 20:48 | Build | House |
| 20:49 | Build | House |
| 20:50 | Build | House |
| 20:54 | Create | Villager (Male) |
| 20:54 | Create | Villager (Male) |
| 21:06 | Create | Villager (Male) |
| 21:19 | Build | Monastery |
| 21:20 | Create | Villager (Male) |
| 21:29 | Build | Farm |
| 21:33 | Build | Farm |
| 21:38 | Create | Villager (Male) |
| 21:38 | Create | Villager (Male) |
| 21:38 | Create | Villager (Male) |
| 21:51 | Create | Villager (Male) |
| 21:52 | Create | Villager (Male) |
| 21:52 | Create | Villager (Male) |
| 21:52 | Create | Villager (Male) |
| 21:55 | Build | Farm |
| 21:56 | Build | Farm |
| 21:57 | Build | Farm |
| 21:58 | Build | Farm |
| 21:59 | Create | Villager (Male) |
Build order — leacuos97
150 actions detected in the replay
| 0:11 | Create | Villager (Male) |
| 0:11 | Create | Villager (Male) |
| 0:34 | Create | Villager (Male) |
| 1:01 | Create | Villager (Male) |
| 1:01 | Create | Villager (Male) |
| 1:51 | Create | Villager (Male) |
| 2:32 | Create | Villager (Male) |
| 2:50 | Create | Villager (Male) |
| 3:23 | Create | Villager (Male) |
| 4:01 | Create | Villager (Male) |
| 4:01 | Create | Villager (Male) |
| 5:29 | Create | Villager (Male) |
| 6:02 | Create | Villager (Male) |
| 6:21 | Build | Lumber Camp |
| 6:55 | Create | Villager (Male) |
| 7:08 | Build | Mill |
| 7:36 | Build | Mining Camp |
| 8:18 | Research | Feudal Age |
| 9:13 | Create | Villager (Male) |
| 9:14 | Create | Villager (Male) |
| 9:16 | Create | Villager (Male) |
| 9:41 | Build | Barracks |
| 10:28 | Create | Villager (Male) |
| 10:28 | Age | Feudal Age |
| 10:46 | Build | Blacksmith |
| 11:11 | Build | Farm |
| 11:28 | Build | Farm |
| 11:33 | Build | Farm |
| 11:51 | Create | Villager (Male) |
| 12:31 | Create | Villager (Male) |
| 12:32 | Create | Villager (Male) |
| 12:47 | Build | Farm |
| 12:59 | Research | Wheelbarrow |
| 13:08 | Build | Farm |
| 13:50 | Research | Horse Collar |
| 14:03 | Create | Villager (Male) |
| 14:49 | Create | Villager (Male) |
| 14:49 | Create | Villager (Male) |
| 14:49 | Create | Villager (Male) |
| 15:15 | Build | Farm |
| 15:17 | Build | Farm |
| 15:22 | Build | Farm |
| 15:47 | Build | Market |
| 15:55 | Create | Villager (Male) |
| 15:55 | Create | Villager (Male) |
| 15:57 | Create | Villager (Male) |
| 16:30 | Build | Farm |
| 16:35 | Build | Farm |
| 16:39 | Build | Farm |
| 16:43 | Build | Farm |
| 17:50 | Create | Villager (Male) |
| 17:50 | Create | Villager (Male) |
| 18:03 | Build | Farm |
| 18:03 | Build | Farm |
| 18:08 | Build | Farm |
| 18:40 | Research | Double-Bit Axe |
| 18:54 | Build | Farm |
| 18:57 | Build | Farm |
| 19:06 | Create | Villager (Male) |
| 19:24 | Build | Lumber Camp |
| 19:54 | Research | Castle Age |
| 20:10 | Build | Archery Range |
| 20:50 | Build | Stable |
| 20:52 | Build | Stable |
| 21:30 | Research | Scale Barding Armor |
| 21:58 | Build | Stable |
| 22:27 | Create | Villager (Male) |
| 22:27 | Create | Villager (Male) |
| 22:30 | Create | Villager (Male) |
| 22:34 | Age | Castle Age |
| 23:14 | Build | Mining Camp |
| 23:28 | Research | Bloodlines |
| 23:29 | Research | Husbandry |
| 23:30 | Create | Scout Cavalry |
| 23:31 | Research | Light Cavalry (upgrade) |
| 23:34 | Create | Scout Cavalry |
| 24:09 | Build | Town Center |
| 24:17 | Create | Villager (Male) |
| 24:17 | Create | Villager (Male) |
| 24:17 | Create | Villager (Male) |
| 24:44 | Create | Scout Cavalry |
| 24:44 | Create | Scout Cavalry |
| 24:56 | Research | Chain Barding Armor |
| 25:00 | Research | Padded Archer Armor |
| 25:01 | Research | Fletching |
| 25:18 | Research | Hand Cart |
| 25:43 | Create | Villager (Male) |
| 25:43 | Create | Villager (Male) |
| 25:44 | Create | Villager (Male) |
| 26:17 | Create | Scout Cavalry |
| 26:18 | Create | Scout Cavalry |
| 26:18 | Create | Scout Cavalry |
| 26:34 | Build | Farm |
| 26:40 | Create | Villager (Male) |
| 26:40 | Create | Villager (Male) |
| 26:40 | Create | Villager (Male) |
| 26:48 | Build | Farm |
| 27:17 | Build | Monastery |
| 27:29 | Create | Villager (Male) |
| 27:29 | Create | Villager (Male) |
| 27:29 | Create | Villager (Male) |
| 27:30 | Create | Villager (Male) |
| 27:39 | Build | Farm |
| 28:04 | Create | Villager (Male) |
| 28:04 | Create | Villager (Male) |
| 28:04 | Create | Villager (Male) |
| 28:13 | Create | Scout Cavalry |
| 28:13 | Create | Scout Cavalry |
| 28:13 | Create | Scout Cavalry |
| 28:14 | Create | Scout Cavalry |
| 28:33 | Build | University |
| 29:02 | Create | Villager (Male) |
| 29:26 | Build | Farm |
| 29:28 | Build | Farm |
| 29:40 | Build | Farm |
| 29:55 | Build | Lumber Camp |
| 30:02 | Create | Villager (Male) |
| 30:03 | Create | Villager (Male) |
| 30:03 | Create | Villager (Male) |
| 30:07 | Create | Villager (Male) |
| 30:08 | Create | Villager (Male) |
| 30:14 | Build | Farm |
| 30:31 | Build | Stable |
| 30:34 | Build | Stable |
| 30:49 | Build | Farm |
| 30:52 | Build | Farm |
| 31:05 | Create | Scout Cavalry |
| 31:05 | Create | Scout Cavalry |
| 31:06 | Create | Scout Cavalry |
| 31:28 | Build | Castle |
| 31:51 | Research | Imperial Age |
| 32:00 | Create | Monk |
| 32:00 | Create | Monk |
| 32:03 | Create | Monk |
| 32:30 | Create | Scout Cavalry |
| 32:30 | Create | Scout Cavalry |
| 32:30 | Create | Scout Cavalry |
| 32:30 | Create | Scout Cavalry |
| 32:31 | Create | Scout Cavalry |
| 32:31 | Create | Scout Cavalry |
| 32:55 | Create | Scout Cavalry |
| 32:55 | Create | Scout Cavalry |
| 32:55 | Create | Scout Cavalry |
| 32:56 | Create | Scout Cavalry |
| 33:21 | Build | Farm |
| 33:23 | Build | Farm |
| 33:26 | Build | Farm |
| 33:28 | Build | Farm |
| 33:31 | Build | Farm |
| 33:37 | Build | Farm |
Match timeline
| 9:41 | leacuos97 · first_building Barracks |
| 10:28 | leacuos97 · age_up feudal |
| 11:20 | :Këlëën · first_building Barracks |
| 11:40 | :Këlëën · age_up feudal |
| 16:42 | :Këlëën · first_building Stable |
| 17:06 | :Këlëën · first_building Archery Range |
| 18:10 | :Këlëën · age_up castle |
| 20:10 | leacuos97 · first_building Archery Range |
| 20:50 | leacuos97 · first_building Stable |
| 21:19 | :Këlëën · first_building Monastery |
| 22:34 | leacuos97 · age_up castle |
| 27:17 | leacuos97 · first_building Monastery |
| 31:28 | leacuos97 · first_building Castle |
| 32:15 | :Këlëën · first_building Siege Workshop |
| 32:52 | :Këlëën · first_building Castle |
| 34:23 | leacuos97 · resign |
[ AI ANALYSIS · 1 CREDIT ]
What really happened in this match?
Wolo.gg analyzes every decision: build order, eco, micro, common mistakes by bracket. Personalized analysis on WhatsApp or Discord in 30 seconds.
Civ guide
Wei
Perfil
Jugador #8634541